 Dungeon Crawl Stone Soup version 0.31-a0-574-g69dc8cc98e (webtiles) character file.

Game seed: 16155231042893368136

19 RepHenryClay the Sneak (level 2, 0/26 HPs)
             Began as a Hill Orc Delver on Aug 19, 2023.
             Succumbed to an adder's poison
             ... on level 4 of the Dungeon.
             The game lasted 00:00:54 (176 turns).

RepHenryClay the Sneak (Hill Orc Delver)             Turns: 176, Time: 00:00:54

Health: 0/26       AC:  3    Str: 14    XL:     2   Next: 75%
Magic:  2/2        EV: 11    Int: 10    God:
Gold:   32         SH:  0    Dex: 12    Spells: 1/1 levels left

rFire   . . .        i - +0 war axe
rCold   . . .        (no shield)
rNeg    . . .        b - +0 leather armour
rPois   .            (no helmet)
rElec   .            (no cloak)
rCorr   .            (no gloves)
SInv    .            (no boots)
Will    .....        (no amulet)
Stlth   ++           (no ring)
HPRegen 0.24/turn    (no ring)
MPRegen 0.08/turn

%: no passive effects
@: lethally poisoned (0 -> -2), hasted, very quick
A: no striking features
a: no special abilities


You were on level 4 of the Dungeon.
You visited 1 branch of the dungeon, and saw 2 of its levels.

You collected 32 gold pieces.

Inventory:

Hand Weapons
 a - a +0 hand axe
 i - a +0 war axe (weapon)
Armour
 b - a +0 leather armour (worn)
Wands
 g - a wand of digging (3)
 h - a wand of polymorph (4)
Scrolls
 c - a scroll of fog
 d - a scroll of revelation
 e - a scroll of fear
Potions
 f - 2 potions of haste


   Skills:
 - Level 3.6 Fighting
 + Level 3.6 Axes
 + Level 1.6 Armour
 - Level 1.5 Dodging
 - Level 4.1 Stealth


You had one spell level left.
You didn't know any spells.
Your spell library was empty.

Dungeon Overview and Level Annotations

Branches:
Dungeon (5/15)
 Temple: D:4-7

Altars:


Message History

An orc comes into view. It is wielding a +0 short sword.
The adder bites you but does no damage. x2
Unknown command.
You feel yourself speed up. The adder closely misses you.
You closely miss the adder.
The adder is moderately wounded.
The adder bites you.
* * * LOW HITPOINT WARNING * * *
You are lethally poisoned!
The adder poisons you!
Damage: -4%(-1hp) hp: 20%(5hp) Unknown command.
You closely miss the adder.
The adder is moderately wounded.
* * * LOW HITPOINT WARNING * * *
You feel sick. The adder bites you but does no damage.
Huge Dmg: -8%(-2hp) hp: 12%(3hp)
You closely miss the adder.
The adder is moderately wounded.
The orc shouts!
You hear a shout!
The adder bites you but does no damage.
Unknown command.
You hit the adder but do no damage.
The adder is moderately wounded.
* * * LOW HITPOINT WARNING * * *
You feel sick. The adder bites you but does no damage.
Huge Dmg: -4%(-1hp) hp: 8%(2hp)
You barely miss the adder.
The adder is moderately wounded.
* * * LOW HITPOINT WARNING * * *
You feel sick. The adder misses you. The adder bites you but does no damage.
Unknown command.
You hit the adder.
The adder is severely wounded.
* * * LOW HITPOINT WARNING * * *
You feel sick. The adder closely misses you.
Huge Dmg: -4%(-1hp) hp: 4%(1hp)
You barely miss the adder.
The adder is severely wounded.
You die...

.. .# .. .# #.
.# #.#.#####.
######.........
#......o.......
.......).......
#......@†......
######.S.##....
#.........
###.).######
#...$...#
#.#.........
#.##.#..###.
#.##.....#
#####.####...#


You could see an adder and an orc.

Vanquished Creatures
  An ufetubus (D:4)
  A worm (D:4)
  An orc (D:4)
  A hobgoblin (D:4)
  3 jackals (D:4)
  3 ball pythons (D:4)
10 creatures vanquished.

Notes
Turn   | Place    | Note
-------+----------+-------------------------------------------
     0 | D:5      | RepHenryClay the Hill Orc Delver began the quest for the
                  | Orb.
     0 | D:5      | Reached XP level 1. HP: 19/19 MP: 1/1
     5 | D:5      | Noticed an orc wizard
   105 | D:4      | Reached skill level 1 in Armour
   105 | D:4      | Reached XP level 2. HP: 26/26 MP: 2/2
   175 | D:4      | HP: 1/26 [poisoned by an adder]
   176 | D:4      | Succumbed to an adder's poison

Illustrated notes

Levels and vault maps discovered:
D:4:      layout_loops_cross, nzn_overflow_gifts_of_might_and_magic,
          serial_shops, nicolae_shop_rolled_up, kennysheep_generic_room_12
D:5:      layout_basic, uniq_grinder

Skill      XL: |  1 |
---------------+----+-----
Axes           | 3 |  3.6
Armour         | 1 |  1.6
Fighting       | |  3.6
Dodging        | |  1.5
Stealth        | |  4.1

Action                     || total
---------------------------++-------
  Melee: Hand axe          ||    14
         War axe           ||    18
    Use: Potion            ||     1
   Stab: Distracted        ||     1
 Armour: Leather armour    ||     9
  Dodge: Dodged            ||    21

Table legend: (Time is in decaauts)
 A = Elapsed time spent in this place.
 B = Non-inter-level travel time spent in this place.
 C = Inter-level travel time spent in this place.
 D = Time resting spent in this place.
 E = Time spent auto-exploring this place.
 F = Levels seen in this place.
 G = Mean time per level.
                   A        B        C        D        E       F      G
               +--------+--------+--------+--------+--------+-----+--------+
         Total |    180 |    180 |      0 |     55 |     18 |   2 |   90.0 |
       Dungeon |    180 |    180 |      0 |     55 |     18 |   2 |   90.0 |
               +--------+--------+--------+--------+--------+-----+--------+

Top non-repeatable levels by time:
     D:4: 161 daAuts
     D:5: 19 daAuts
